 Seeded DCSS version 0.31-a0-564-g3b7de120b3 (webtiles) character file.

Game seed: 16161720884980326079 (custom seed)

1781 innerfire43 the Insei (level 9, -2/67 HPs)
             Began as a Gnoll Shapeshifter on Aug 17, 2023.
             Was an Elder of Wu Jian.
             Slain by an orc
             ... wielding a +0 flail
              (4 damage)
             ... on level 7 of the Dungeon.
             The game lasted 00:07:26 (5330 turns).

innerfire43 the Insei (Gnoll Shapeshifter)          Turns: 5330, Time: 00:07:26

Health: -2/67      AC: 11    Str: 15    XL:     9   Next: 8%
Magic:  14/14      EV: 16    Int:  7    God:    Wu Jian [****..]
Gold:   382        SH:  0    Dex: 21    Spells: 15/15 levels left

rFire   . .          .
                       - Unarmed
rCold   x . .        (shield currently unavailable)
rNeg    . . .        w - +3 leather armour
rPois   .            f - +2 helmet "Paunutas" {rC- Will++ Dex+4 SInv}
rElec   .            q - +1 cloak
rCorr   .            (no gloves)
SInv    +            (no boots)
Will    ++...        k - amulet of faith
Stlth   +            (no ring)
HPRegen 0.31/turn    (no ring)
MPRegen 0.14/turn

%: faith
@: flux-form, glowing, serpent's lash
A: glow, contaminating, fangs 1, strong nose, distributed training
a: Begin Untransformation, Renounce Religion, Wall Jump, Serpent's Lash


You were on level 7 of the Dungeon.
You worshipped Wu Jian.
Wu Jian was greatly pleased with you.
You were something dangerously unstable.
You visited 1 branch of the dungeon, and saw 7 of its levels.
You also visited: Ossuary.

You collected 499 gold pieces.
You spent 117 gold pieces at shops.

Inventory:

Hand Weapons
 b - a +4 club
 s - a +0 dagger
Missiles
 o - a throwing net
Armour
 a - a +0 animal skin
 f - the +2 helmet "Paunutas" (worn) {rC- Will++ Dex+4 SInv}
   (You took it off Robin on level 2 of the Dungeon)

   Dex+4:     It affects your dexterity (+4).
   rC-:       It makes you vulnerable to cold.
   Will++:    It greatly increases your willpower.
   SInv:      It lets you see invisible.
 g - a +0 helmet
 q - a +1 cloak (worn)
 w - a +3 leather armour (worn)
Jewellery
 k - an amulet of faith (around neck)
 n - an amulet of guardian spirit
 p - an amulet of magic regeneration
Talismans
 c - a beast talisman
 d - a flux talisman (active)
Wands
 t - a wand of flame (18)
 E - a wand of iceblast (4)
Scrolls
 e - a scroll of brand weapon {unknown}
 h - 2 scrolls of silence {unknown}
 m - 2 scrolls of fog {unknown}
 r - a scroll of poison {unknown}
 u - 2 scrolls of identify {unknown}
 x - 4 scrolls of immolation {unknown}
 y - 6 scrolls of teleportation {unknown}
 C - 2 scrolls of revelation {unknown}
 F - a scroll of acquirement {unknown}
 G - a scroll of enchant weapon {unknown}
 H - a scroll of amnesia {unknown}
 I - a scroll of enchant armour {unknown}
 K - a scroll of torment {unknown}
Potions
 i - 2 potions of haste {unknown}
 j - a potion of ambrosia {unknown}
 l - a potion of attraction {unknown}
 v - 2 potions of curing
 z - 3 potions of degeneration {unknown}
 A - 2 potions of magic {unknown}
 B - 2 potions of brilliance {unknown}
 D - a potion of mutation {unknown}
 J - a potion of cancellation {unknown}


   Skills:
 + Level 4.8 Fighting
 + Level 3.9 Short Blades
 + Level 3.9 Long Blades
 + Level 3.9 Axes
 + Level 3.9 Maces & Flails
 + Level 3.9 Polearms
 + Level 3.9 Staves
 + Level 3.9 Ranged Weapons
 + Level 3.9 Throwing
 + Level 3.9 Armour
 + Level 6.1 Dodging
 + Level 3.9 Stealth
 + Level 3.9 Shields
 + Level 7.7 Unarmed Combat
 + Level 3.9 Spellcasting
 + Level 3.2 Conjurations
 + Level 3.2 Hexes
 + Level 3.2 Summonings
 + Level 3.2 Necromancy
 + Level 3.2 Translocations
 + Level 3.2 Transmutations
 + Level 3.2 Fire Magic
 + Level 3.2 Ice Magic
 + Level 3.2 Air Magic
 + Level 3.2 Earth Magic
 + Level 3.2 Poison Magic
 + Level 4.3 Invocations
 + Level 3.9 Evocations
 + Level 7.3 Shapeshifting


You had 15 spell levels left.
You didn't know any spells.
Your spell library contained the following spells:

 Spells                   Type           Power      Damage    Failure   Level
 Lesser Beckoning         Tloc           10%        N/A       16%         2
 Momentum Strike          Conj/Tloc      10%        3d8       16%         2
 Poisonous Vapours        Pois/Air       10%        N/A       16%         2
 Mephitic Cloud           Conj/Pois/Air  5%         N/A       30%         3
 Portal Projectile        Hex/Tloc       10%        N/A       30%         3
 Teleport Other           Tloc           5%         N/A       30%         3
 Freezing Cloud           Conj/Ice/Air   2%         6-21      95%         5
 Summon Forest            Summ/Tloc      2%         N/A       95%         5


Dungeon Overview and Level Annotations

Branches:
Dungeon (7/15)             Temple (0/1) D:6         Ossuary (visited)

Altars:
Cheibriados
Elyvilon
Makhleb
Nemelex Xobeh
Okawaru
Sif Muna
Wu Jian
Zin
The Shining One

Shops:
D:4 !   D:6 *


Innate Abilities, Weirdness & Mutations

You are something dangerously unstable.
You glow with magical radiation, making you easy to see and hit.
Foes you strike become dangerously contaminated with magical radiation.
You are incapable of wielding weapons or throwing items.
You have very sharp teeth.
Your uncanny sense of smell can sniff out nearby items.
Your experience applies equally to all skills.


Message History

The bullfrog barely misses you.
You hit the orc.
You kill the orc!
The Council accepts your kill. The orc misses you. The orc barely misses you.
The bullfrog closely misses you.
You barely miss the bullfrog. The bullfrog closely misses you.
The orc barely misses you. x2; The orc hits you with a +0 club.
* * * LOW HITPOINT WARNING * * *
You hit the bullfrog.
The bullfrog begins to glow.
Your bite misses the bullfrog.
The bullfrog is lightly wounded.
The bullfrog barely misses you. The orc closely misses you. x3
The bullfrog hits you but does no damage.
You hit the bullfrog but do no damage.
The bullfrog glows dangerously bright.
Your bite misses the bullfrog.
The bullfrog is lightly wounded.
The bullfrog barely misses you.
You hit the bullfrog.
The bullfrog shudders as magic cascades through it!
The bullfrog twists and deforms.
The bullfrog is heavily wounded.
The orc hits you with a +0 flail.
* * * LOW HITPOINT WARNING * * *
The orc misses you. x2; The bullfrog barely misses you.
You punch the bullfrog!
The bullfrog begins to glow.
The bullfrog is almost dead.
The bullfrog completely misses you. The orc closely misses you.
The orc misses you. The orc barely misses you.
You barely miss the bullfrog.
The bullfrog is almost dead.
The bullfrog hits you.
* * * LOW HITPOINT WARNING * * *
The orc misses you. The orc hits you but does no damage.
The orc closely misses you.
You closely miss the bullfrog.
The bullfrog is almost dead.
The bullfrog hits you.
* * * LOW HITPOINT WARNING * * *
The bullfrog closely misses you. The orc hits you with a +0 flail.
You die...

#.....#
##.....##
+.......# .
#....<..# ..
##.....## ..#
########'##...#
.............!#
......oF).....#
......oB).....#
####..o######.#
#... # ..... ∆
#...... ##.....
#..... ....>.


You could see a bullfrog (contam, misshapen) and 3 orcs.

Vanquished Creatures
  A troll (D:5)
  An orc warrior (D:7)
  2 ice beasts
  A black bear (D:6)
  2 elf zombies (Ossuary)
  3 wights (D:6)
  2 howler monkeys (D:5)
  A crimson imp (D:6)
  A human zombie (Ossuary)
  A hound (D:5)
  4 orc priests
  A jelly (D:5)
  Crazy Yiuf (D:2)
  Jessica (D:2)
  3 iguanas
  Terence (D:2)
  2 sleepcaps
  2 orc wizards (D:7)
  4 mummies (Ossuary)
  Robin (D:2)
  3 gnolls (D:5)
  5 adders
  2 white imps
  2 ufetubi (D:4)
  4 worms
  2 dart slugs
  22 orcs
  A bat (D:3)
  3 endoplasms
  2 giant cockroaches
  20 goblins
  10 hobgoblins
  4 jackals (D:4)
  9 kobolds
  2 quokkas
  5 ball pythons
  3 frilled lizards
  A gnoll zombie (Ossuary)
  A goblin skeleton (D:6)
  4 goblin zombies
  7 hobgoblin zombies
  A kobold skeleton (D:6)
  2 kobold zombies (D:6)
  An orc zombie (D:6)
  3 rats
  2 rat zombies (Ossuary)
156 creatures vanquished.

Vanquished Creatures (others)
  A quokka (D:6)
1 creature vanquished.

Grand Total: 157 creatures vanquished

Notes
Turn   | Place    | Note
-------+----------+-------------------------------------------
     0 | D:1      | innerfire43 the Gnoll Shapeshifter began the quest for the
                  | Orb.
     0 | D:1      | Reached XP level 1. HP: 17/17 MP: 1/1
   125 | D:1      | Found a faded altar of an unknown god.
   157 | D:1      | Reached XP level 2. HP: 16/23 MP: 2/2
   169 | D:1      | Prayed at the altar of an unknown god.
   169 | D:1      | Became a worshipper of the Wu Jian Council
   169 | D:1      | Reached * piety under Wu Jian
   620 | D:2      | Reached XP level 3. HP: 19/28 MP: 3/3
   724 | D:2      | Noticed Terence
   730 | D:2      | Killed Terence
   731 | D:2      | Reached skill level 1 in Short Blades
   731 | D:2      | Reached skill level 1 in Long Blades
   731 | D:2      | Reached skill level 1 in Axes
   731 | D:2      | Reached skill level 1 in Maces & Flails
   731 | D:2      | Reached skill level 1 in Polearms
   731 | D:2      | Reached skill level 1 in Staves
   731 | D:2      | Reached skill level 1 in Ranged Weapons
   731 | D:2      | Reached skill level 1 in Throwing
   731 | D:2      | Reached skill level 1 in Armour
   731 | D:2      | Reached skill level 1 in Stealth
   731 | D:2      | Reached skill level 1 in Shields
   731 | D:2      | Reached skill level 1 in Spellcasting
   731 | D:2      | Reached skill level 1 in Invocations
   731 | D:2      | Reached skill level 1 in Evocations
   731 | D:2      | Reached XP level 4. HP: 32/34 MP: 5/5
   884 | D:2      | Found a runed translucent door.
   885 | D:2      | Noticed Crazy Yiuf
   920 | D:2      | Identified the +2 helmet "Paunutas" {rC- Will++ Dex+4 SInv}
   920 | D:2      | Noticed Robin
   950 | D:2      | Reached ** piety under Wu Jian
   951 | D:2      | Reached skill level 1 in Conjurations
   951 | D:2      | Reached skill level 1 in Hexes
   951 | D:2      | Reached skill level 1 in Summonings
   951 | D:2      | Reached skill level 1 in Necromancy
   951 | D:2      | Reached skill level 1 in Translocations
   951 | D:2      | Reached skill level 1 in Transmutations
   951 | D:2      | Reached skill level 1 in Fire Magic
   951 | D:2      | Reached skill level 1 in Ice Magic
   951 | D:2      | Reached skill level 1 in Air Magic
   951 | D:2      | Reached skill level 1 in Earth Magic
   951 | D:2      | Reached skill level 1 in Poison Magic
   955 | D:2      | Killed Robin
  1182 | D:2      | Noticed Jessica
  1190 | D:2      | Killed Jessica
  1191 | D:2      | Reached XP level 5. HP: 36/40 MP: 5/7
  1390 | D:2      | Killed Crazy Yiuf
  1826 | D:3      | Identified the +5 dagger of the King {flame, Fly rC+++
                  | Str-5 Dex-4}
  2179 | D:4      | Reached XP level 6. HP: 47/47 MP: 8/8
  2238 | D:4      | Reached *** piety under Wu Jian
  2374 | D:4      | Found Quem's Distillery.
  2380 | D:4      | Bought a potion of curing for 39 gold pieces
  2380 | D:4      | Bought a potion of curing for 39 gold pieces
  2380 | D:4      | Bought a potion of curing for 39 gold pieces
  2529 | D:4      | Found a sand-covered staircase.
  2551 | Ossuary  | Entered an ossuary
  2565 | Ossuary  | Reached skill level 5 in Dodging
  2596 | Ossuary  | Reached XP level 7. HP: 41/52 MP: 10/10
  2829 | D:4      | Found a burning altar of Makhleb.
  2829 | D:4      | Found a shimmering blue altar of Sif Muna.
  3369 | D:5      | Entered Level 5 of the Dungeon
  3370 | D:5      | Noticed a troll
  3377 | D:5      | Killed a troll
  3514 | D:5      | Reached **** piety under Wu Jian
  3589 | D:5      | Reached XP level 8. HP: 59/60 MP: 12/12
  3737 | D:5      | Found a sparkling altar of Nemelex Xobeh.
  4135 | D:5      | Got Pyrano's Elucidation of the Singularity
  4366 | D:6      | Found Zin's Purification Station.
  4368 | D:6      | Found a glowing silver altar of Zin.
  4463 | D:6      | Found a glowing golden altar of the Shining One.
  4580 | D:6      | Found an iron altar of Okawaru.
  4971 | D:6      | Found a staircase to the Ecumenical Temple.
  4985 | D:6      | Found a white marble altar of Elyvilon.
  5054 | D:6      | Found a snail-covered altar of Cheibriados.
  5302 | D:7      | Reached XP level 9. HP: 42/66 MP: 14/14
  5330 | D:7      | HP: 2/67 [bullfrog (5)]
  5330 | D:7      | Slain by an orc

Illustrated notes

Levels and vault maps discovered:
D:1:      nzn_arrival_settlement, layout_rooms,
          shapermc_ecumenical_altar_starsandcircs
D:2:      layout_basic, feat_on_display, uniq_jessica, uniq_robin,
          uniq_crazy_yiuf_cottage, uniq_terence
D:3:      layout_rooms, interstate_on_off, guppyfry_early_orc_mine
D:4:      layout_cave_pods, gammafunk_temple_overflow_wave, enter_ossuary_1,
          serial_shops, kennysheep_little_box
D:5:      layout_loops_ring, amcnicky_altar_gilded
D:6:      layout_basic, cheibrodos_worm_habitat, zin_purify,
          nicolae_tso_besieged_by_evil, elyvilon_altar_4,
          kennysheep_okawaru_gauntlet, minmay_temple_entry_mini_moons,
          nicolae_letterblocks [nicolae_letter_subblock,
          nicolae_letter_subblock, nicolae_letter_subblock,
          nicolae_letter_subblock, nicolae_letter_subblock,
          nicolae_letter_subblock, nicolae_letter_subblock,
          nicolae_letter_subblock, nicolae_letter_subblock,
          nicolae_letter_subblock, nicolae_letter_subblock,
          nicolae_letter_subblock, nicolae_letter_subblock,
          nicolae_letter_subblock, nicolae_letter_subblock,
          nicolae_letter_subblock, nicolae_letter_subblock,
          nicolae_letter_subblock, nicolae_letter_subblock,
          nicolae_letter_subblock, nicolae_letter_subblock,
          nicolae_letter_subblock, nicolae_letter_subblock,
          nicolae_letter_subblock, nicolae_letter_subblock]
D:7:      layout_gridville, lemuel_tele_altar, mainiacjoe_overflow_24_doors,
          xom_shifter_show, abandoned_shop

Skill      XL: |  1  2  3  4  5  6  7  8 |
---------------+-------------------------+-----
Short Blades   | 1 2 3 |  3.9
Long Blades    | 1 2 3 |  3.9
Axes           | 1 2 3 |  3.9
Maces & Flails | 1 2 3 |  3.9
Polearms       | 1 2 3 |  3.9
Staves         | 1 2 3 |  3.9
Ranged Weapons | 1 2 3 |  3.9
Throwing       | 1 2 3 |  3.9
Armour         | 1 2 3 |  3.9
Stealth        | 1 2 3 |  3.9
Shields        | 1 2 3 |  3.9
Spellcasting   | 1 2 3 |  3.9
Invocations    | 1 2 3 4 |  4.3
Evocations     | 1 2 3 |  3.9
Conjurations   | 1 2 3 |  3.2
Hexes          | 1 2 3 |  3.2
Summonings     | 1 2 3 |  3.2
Necromancy     | 1 2 3 |  3.2
Translocations | 1 2 3 |  3.2
Transmutations | 1 2 3 |  3.2
Fire Magic     | 1 2 3 |  3.2
Ice Magic      | 1 2 3 |  3.2
Air Magic      | 1 2 3 |  3.2
Earth Magic    | 1 2 3 |  3.2
Poison Magic   | 1 2 3 |  3.2
Fighting       | 3 4 |  4.8
Dodging        | 5 6 |  6.1
Unarmed Combat | 7 |  7.7
Shapeshifting  | 7 |  7.3

Action                     |  1- 3 |  4- 6 |  7- 9 || total
---------------------------+-------+-------+-------++-------
  Melee: Unarmed           |    55 |   216 |   253 ||   524
         Bite              |     6 |    19 |    43 ||    68
         Punch             |       |     1 |       ||     1
 Invoke: Serpent's Lash    |       |       |     1 ||     1
Ability: Lunge             |     7 |    10 |    12 ||    29
         Whirlwind         |       |    15 |     6 ||    21
    Use: Potion            |       |     2 |     5 ||     7
 Armour: Animal skin       |     6 |    15 |       ||    21
         Skin              |       |    16 |       ||    16
         Leather armour    |       |    61 |   103 ||   164
  Dodge: Dodged            |    35 |   158 |   251 ||   444
   Form: Flux              |     1 |       |       ||     1

Table legend: (Time is in decaauts)
 A = Elapsed time spent in this place.
 B = Non-inter-level travel time spent in this place.
 C = Inter-level travel time spent in this place.
 D = Time resting spent in this place.
 E = Time spent auto-exploring this place.
 F = Levels seen in this place.
 G = Mean time per level.
                   A        B        C        D        E       F      G
               +--------+--------+--------+--------+--------+-----+--------+
         Total |   5281 |   4957 |    324 |      0 |   3919 |   8 |  660.1 |
       Dungeon |   5044 |   4720 |    324 |      0 |   3769 |   7 |  720.6 |
       Ossuary |    236 |    236 |      0 |      0 |    150 |   1 |  236.0 |
               +--------+--------+--------+--------+--------+-----+--------+

Top non-repeatable levels by time:
     D:6: 971 daAuts
     D:4: 949 daAuts
     D:5: 926 daAuts
     D:2: 911 daAuts
     D:3: 667 daAuts
     D:1: 569 daAuts
 Ossuary: 236 daAuts
     D:7: 49 daAuts
